 Dungeon Crawl Stone Soup version 0.25.1-2-g60ff931df9 (webtiles) character file.

Game seed: 14121761044540392618

756 BledDest the Spear-Bearer (level 7, -4/59 HPs)
             Began as a Merfolk Gladiator on Aug 1, 2020.
             Slain by a sky beast (6 damage)
             ... on level 5 of the Dungeon.
             The game lasted 00:06:11 (3861 turns).

BledDest the Spear-Bearer (Merfolk Gladiator)       Turns: 3861, Time: 00:06:11

Health: -4/59      AC:  7    Str: 15    XL:     7   Next: 79%
Magic:  7/7        EV: 13    Int:  8    God:
Gold:   113        SH:  0    Dex: 16    Spells: 6/6 levels left

rFire    . . .     SeeInvis .   a - +0 trident
rCold    . . .     Gourm    .   (no shield)
rNeg     . . .     Faith    .   o - +0 ring mail
rPois    .         Spirit   .   c - +0 helmet
rElec    .         Reflect  .   (no cloak)
rCorr    .         Harm     .   (no gloves)
MR       .....                  t - +0 pair of boots
Stlth    +.........             n - amulet of the acrobat
HPRegen  0.19/turn              (no ring)
MPRegen  0.10/turn              (no ring)

@: very slightly contaminated
A: change form in water, swift swim, stealthy swim
a: no special abilities


You were on level 5 of the Dungeon.
You were hungry.

You visited 1 branch of the dungeon, and saw 5 of its levels.

You collected 113 gold pieces.

Inventory:

Hand Weapons
 a - a +0 trident (weapon)
Missiles
 d - 2 throwing nets (quivered)
 e - 113 stones
 v - 5 boomerangs of dispersal
Armour
 c - a +0 helmet (worn)
 o - a +0 ring mail (worn)
 t - a +0 pair of boots (worn)
Jewellery
 n - an amulet of the acrobat (around neck)
Wands
 u - a wand of acid (10)
Scrolls
 b - 2 scrolls of enchant weapon {unknown}
 g - 5 scrolls of identify {unknown}
 i - 2 scrolls of magic mapping {unknown}
 k - 5 scrolls of remove curse {unknown}
 p - 3 scrolls of enchant armour {unknown}
 q - 4 scrolls of teleportation {unknown}
 r - a scroll of random uselessness {unknown}
 w - a scroll of fear {unknown}
Potions
 h - a potion of invisibility
 l - a potion of flight {unknown}
 m - 2 potions of stabbing {unknown}
 s - 3 potions of curing
Comestibles
 f - 10 rations


   Skills:
 + Level 6.4 Fighting
 - Level 10.0 Polearms
 - Level 2.0 Throwing
 - Level 4.0 Dodging


You had 6 spell levels left.
You didn't know any spells.
Your spell library was empty.

Dungeon Overview and Level Annotations

Branches:
Dungeon (5/15)
 Temple: D:4-7

Altars:
Dithmenos


Message History

The sky beast closely misses you.
You hit the sky beast but do no damage.
The sky beast is almost dead.
You catch the helpless sky beast completely off-guard!
You hit the sky beast.
The sky beast is almost dead.
The sky beast hits you.
* * * LOW HITPOINT WARNING * * *
The sky beast shocks you.
* * * LOW HITPOINT WARNING * * *
You closely miss the sky beast.
The sky beast is almost dead.
You flicker back into view.
The sky beast flickers out of sight!
Deactivating autopickup; reactivate with Ctrl-A.
Something hits you but does no damage.
You miss something. Something hits you.
* * * LOW HITPOINT WARNING * * *
Something shocks you.
You die...

#.# #.# #.# ####.###
#......#
#.##.#.#####.## . ..
#.#.........
...######.##########
....†..........{@.#
##.##############.#
##.###.........##.#
...........###.##.#
.....#.###.# #.##.#
##.......#.###.##.#
.......#.#.#...##.#
#..#...#.#.#.#....#
#<.#...#.#.#.#.####


There were no monsters in sight!

Vanquished Creatures
  An ice beast (D:3)
  2 ogres
  A phantom (D:4)
  A centaur (D:5)
  A howler monkey (D:4)
  An orc wizard (D:4)
  A hound (D:5)
  An iguana (D:4)
  2 worker ants (D:4)
  A hound skeleton (D:4)
  7 adders
  An ooze (D:1)
  An adder skeleton (D:3)
  A worm (D:3)
  A dart slug (D:2)
  4 leopard geckos
  4 orcs
  A ball python (D:2)
  4 bats
  7 hobgoblins
  10 jackals
  A quokka (D:3)
  6 frilled lizards
  3 goblins
  5 kobolds
  A quokka skeleton (D:4)
  8 rats
77 creatures vanquished.

Notes
Turn   | Place    | Note
-------+----------+-------------------------------------------
     0 | D:1      | BledDest the Merfolk Gladiator began the quest for the Orb.
     0 | D:1      | Reached XP level 1. HP: 16/16 MP: 1/1
   208 | D:1      | Reached skill level 5 in Polearms
   208 | D:1      | Reached XP level 2. HP: 22/22 MP: 2/2
   687 | D:2      | Reached skill level 6 in Polearms
   687 | D:2      | Reached XP level 3. HP: 27/27 MP: 3/3
  1049 | D:2      | Reached XP level 4. HP: 27/33 MP: 4/4
  1058 | D:2      | Reached skill level 7 in Polearms
  1944 | D:3      | Reached skill level 8 in Polearms
  1944 | D:3      | Reached XP level 5. HP: 37/38 MP: 5/5
  1951 | D:3      | Noticed an ice beast
  1970 | D:3      | Killed an ice beast
  1970 | D:3      | Reached skill level 9 in Polearms
  2251 | D:3      | Found a shadowy altar of Dithmenos.
  2393 | D:4      | Reached XP level 6. HP: 44/44 MP: 6/6
  2635 | D:4      | Reached skill level 10 in Polearms
  2642 | D:4      | Noticed a phantom
  2709 | D:4      | Killed a phantom
  2709 | D:4      | Reached XP level 7. HP: 21/55 MP: 7/7
  2970 | D:4      | Reached skill level 5 in Fighting
  3477 | D:5      | Entered Level 5 of the Dungeon
  3839 | D:5      | HP: 1/59 [something (6)]
  3861 | D:5      | HP: 2/59 [something (3)]
  3861 | D:5      | Slain by a sky beast

Illustrated notes

Levels and vault maps discovered:
D:1:      matt_arrival_los_fun, layout_rooms
D:2:      layout_basic, kennysheep_flooded_box
D:3:      layout_rooms, first_ration, nicolae_dithmenos_through_a_glass_darkly
D:4:      layout_gridville
D:5:      cheibrodos_fzero, layout_basic, zin_statuary,
          minmay_temple_entry_junction_2, bloody_trog

Skill      XL: |  1  2  3  4  5  6  7 |
---------------+----------------------+-----
Polearms       | 5 6 8 9 10 | 10.0
Fighting       | 4 6 |  6.4
Throwing       | |  2.0
Dodging        | |  4.0

Action                   |  1- 3 |  4- 6 |  7- 9 || total
-------------------------+-------+-------+-------++-------
Melee: Trident           |    94 |   188 |    91 ||   373
Throw: Throwing net      |       |     1 |       ||     1
  Use: Potion            |       |       |     2 ||     2
 Stab: Held in net/web   |       |     1 |       ||     1
       Invisible         |       |       |     2 ||     2
  Eat: Chunk             |       |     6 |     3 ||     9
Armor: Leather armour    |     3 |       |       ||     3
       Ring mail         |    15 |    38 |    17 ||    70
Dodge: Dodged            |    53 |    80 |    34 ||   167
